 Dungeon Crawl Stone Soup version 0.16-a0-3178-g2c88c44 (webtiles) character file.

9 RobertPalmer the Charlatan (level 2, 0/18 HPs)
             Began as an Octopode Artificer on Dec 16, 2014.
             Slain by a giant newt (3 damage)
             ... on level 1 of the Dungeon.
             The game lasted 00:01:10 (333 turns).

RobertPalmer the Charlatan (Octopode Artificer)      Turns: 333, Time: 00:01:10

Health: 0/18       AC:  1    Str: 10    XL:     2   Next: 16%
Magic:  3/3        EV: 12    Int: 14    God:
Gold:   25         SH:  0    Dex: 12    Spells: 0 memorised, 1 level left

rFire  . . .     SeeInvis .     a - +0 short sword
rCold  . . .     Clarity  .     (no shield)
rNeg   . . .     SustAb   .     (helmet restricted)
rPois  .         Gourm    .     (no amulet)
rElec  .         Spirit   .     (no ring)
rCorr  .         Warding  .     (no ring)
rMut   .         Stasis   .     (no ring)
MR     .....                    (no ring)
Stlth  +++.......               (no ring)
                                (no ring)
                                (no ring)
                                (no ring)

@: not resistant to hostile enchantments, fairly stealthy
A: almost no armour, amphibious, 8 rings, constrict 8, camouflage 1, gelatinous
body 1
a: no special abilities


You were on level 1 of the Dungeon.
You were not hungry.

You visited 1 branch of the dungeon, and saw 1 of its levels.

You collected 25 gold pieces.


Innate Abilities, Weirdness & Mutations

You cannot wear most types of armour.
You are amphibious.
You can wear up to eight rings at the same time.
You can use your tentacles to constrict many enemies at once.
Your skin changes colour to match your surroundings (Stealth).
Your rubbery body absorbs attacks (AC +1).


   Skills:
 - Level 1.0 Fighting
 - Level 1.0 Short Blades
 - Level 2.0 Dodging
 - Level 1.3 Stealth
 + Level 4.1 Evocations


You had one spell level left.
You didn't know any spells.

Inventory:

Hand weapons
 a - a +0 short sword (weapon)
Jewellery
 i - an uncursed ring of protection from magic {unknown}
Magical devices
 b - a wand of flame (13)
 c - a wand of enslavement (14)
 d - a wand of random effects (15)
Scrolls
 h - a scroll of amnesia {unknown}
 j - a scroll of identify {unknown}
Potions
 e - a potion of curing {unknown}
 g - a potion of cancellation {unknown}
Comestibles
 f - a bread ration

Dungeon Overview and Level Annotations

Branches:
Dungeon (1/15)

Altars:

####################
..(.............xlg#
##################.#
#.# #########'##
#.£........#
#..........#
#..........#
#...g......#
...............


You could see a hobgoblin and a giant newt.


Message History

The jackal closely misses you.
You closely miss the jackal. The jackal bites you.
* * * LOW HITPOINT WARNING * * *
You closely miss the jackal. You grab the jackal. You constrict the jackal.
The jackal bites you.
* * * LOW HITPOINT WARNING * * *
The jackal barely misses you.
Evoke which item? (* to show all) (? for menu, Esc to quit)
Zapping:
b - a wand of flame (15)
Aim: a jackal (lightly wounded, constricted by you)
The puff of flame hits the jackal.
The jackal is severely wounded.
This wand has 14 charges left.
You constrict the jackal.
You kill the jackal!
The giant cockroach bites you.
* * * LOW HITPOINT WARNING * * *
Evoke which item? (* to show all) (? for menu, Esc to quit)
Zapping:
b - a wand of flame (14)
Aim: a giant cockroach (clinging)
The puff of flame hits the giant cockroach.
You kill the giant cockroach!
This wand has 13 charges left.
Evoke which item? (* to show all) (? for menu, Esc to quit)
You don't have any such object.
Evoke which item? (* to show all) (? for menu, Esc to quit)
Zapping:
c - a wand of enslavement (15)
Aim: a giant newt The giant newt struggles to resist.
This wand has 14 charges left.
The giant newt bites you.
You die...

Action                   || total
-------------------------++-------
Melee: Short sword       ||    20
Evoke: Wand              ||     3
 Stab: Sleeping          ||     2

Vault maps used:
D:1:      dpeg_arrival_shrine

Notes
Turn   | Place    | Note
--------------------------------------------------------------
     0 | D:1      | RobertPalmer, the Octopode Artificer, began the quest for the Orb.
     0 | D:1      | Reached XP level 1. HP: 13/13 MP: 1/1
   311 | D:1      | Reached skill level 4 in Evocations
   311 | D:1      | Reached XP level 2. HP: 12/18 MP: 3/3
   333 | D:1      | Slain by a giant newt

Vanquished Creatures
  2 giant cockroaches (D:1)
  2 jackals (D:1)
  A bat (D:1)
  6 rats (D:1)
11 creatures vanquished.
